 Dungeon Crawl Stone Soup version 0.31-a0-180-g519b7de00c (webtiles) character file.

Game seed: 13143908287816417785

3251 qw the Cleaver (level 9, -4/55 HPs)
             Began as a Gargoyle Fighter on June 20, 2023.
             Was an Initiate of Okawaru.
             Slain by an unseen horror (8 damage)
             ... on level 9 of the Dungeon.
             The game lasted 00:03:53 (7952 turns).

qw the Cleaver (Gargoyle Fighter)                   Turns: 7952, Time: 00:03:54

Health: -4/55      AC: 22    Str: 24    XL:     9   Next: 99%
Magic:  9/9        EV:  8    Int:  9    God:    Okawaru [......]
Gold:   677        SH:  9    Dex:  9    Spells: 8/8 levels left

rFire   . . .        n - +0 broad axe
rCold   . . .        b - +0 kite shield
rNeg    + . .        o - +0 chain mail
rPois   inf          (helmet restricted)
rElec   +            p - +2 cloak {rCorr}
rCorr   +            g - +2 pair of gloves
SInv    .            (no boots)
Will    .....        (no amulet) Stlth
                     (no ring)
HPRegen 0.29/turn    (no ring)
MPRegen 0.11/turn

%: no passive effects
@: no status effects
A: sickness immunity, AC +6, negative energy resistance 1, electricity
resistance, torment resistance 1, petrification resistance, horns 1, subdued
magic 2
a: Renounce Religion


You were on level 9 of the Dungeon.
You worshipped Okawaru.
Okawaru was noncommittal.
You visited 2 branches of the dungeon, and saw 10 of its levels.

You collected 677 gold pieces.


Innate Abilities, Weirdness & Mutations

You are immune to sickness and miasma.
Your stone body is resilient. (AC +6)
You are immune to poison.
You resist negative energy. (rN+)
You are resistant to electric shocks. (rElec)
You are resistant to unholy torment.
You are immune to petrification.
You have a pair of small horns on your head.
Your spells are easier to cast, but less powerful.


   Skills:
 + Level 6.2 Fighting
 - Level 9.2 Axes
 - Level 3.1 Throwing
 - Level 4.3 Armour
 - Level 1.0 Dodging
 - Level 8.1 Shields


You had 8 spell levels left.
You didn't know any spells.
Your spell library was empty.

Inventory:

Hand Weapons
 n - a +0 broad axe (weapon)
 s - a +0 war axe of flaming
Missiles
 c - 3 silver javelins (quivered)
Armour
 b - a +0 kite shield (worn)
 g - a +2 pair of gloves (worn)
 o - a +0 chain mail (worn)
 p - a +2 cloak of preservation (worn)
Jewellery
 i - a ring of ice
Scrolls
 a - 3 scrolls of identify
 l - 7 scrolls of teleportation
 m - a scroll of enchant armour
Potions
 d - 2 potions of might
 e - 6 potions of curing
 f - 6 potions of heal wounds
 h - 4 potions of mutation
 j - 3 potions of enlightenment
 k - a potion of resistance
 q - a potion of lignification
 r - a potion of attraction

Dungeon Overview and Level Annotations

Branches:
Dungeon (9/15)             Temple (1/1) D:6
   Lair: D:8-11         Orc: D:9-12

Altars:
Ashenzari
Cheibriados
Dithmenos
Elyvilon
Fedhas
Gozag
Hepliaklqana
Kikubaaqudgha
Makhleb
Nemelex Xobeh
Okawaru
Qazlal
Ru
Sif Muna
Trog
Uskayaw
Vehumet
Wu Jian
Xom
Yredelemnul
Zin
The Shining One

Annotations:
D:7 1 runed translucent door, Crazy Yiuf


Message History

Something hits you.
You hit something but do no damage. Your headbutt misses something.
Something hits you.
You slash something! Something hits you. x2
You barely miss something. Something completely misses you.
You swing at nothing.
Something hits you but does no damage.
You swing at nothing.
Something hits you but does no damage.
You swing at nothing.
Something hits you but does no damage. You block something's attack.
You barely miss something. You block something's attack.
You miss something. Something hits you but does no damage.
You closely miss something. You block something's attack. Something hits you.
You hit something. You block something's attack.
You swing at nothing.
Something hits you but does no damage.
You swing at nothing.
Something hits you but does no damage. x2
You miss something. Something hits you.
You closely miss something. Something hits you but does no damage.
You slash something! Something hits you but does no damage.
You miss something. Your headbutt misses something.
You block something's attack. Something hits you but does no damage.
You closely miss something. Your headbutt misses something.
You block something's attack. Something completely misses you.
You closely miss something. Your headbutt misses something.
Something hits you but does no damage.
You swing at nothing.
Something hits you!
You die...

#######################
.........#.............
.........#.............
.........#.............
.......#..<..........
.... #.............
###'###.......#.....
#..@..........#.....
#.............#.....
#.............#.....
#.............#.....
#############'#...#.
#.....#. #.....#.
#.....#. #.....#.


There were no monsters in sight!

Vanquished Creatures
  A troll (D:9)
  Grinder (D:4)
  Sigmund (D:2)
  A shadow (D:9)
  2 steam dragons
  Menkaure (D:4)
  A water moccasin (D:6)
  An ice beast (D:8)
  A black bear (D:8)
  2 ogres
  2 centaurs
  A phantom (D:5)
  2 kobold brigands
  A gnoll sergeant (D:8)
  3 bullfrogs
  2 scorpions
  3 wights (D:7)
  2 howler monkeys
  2 hounds
  7 orc priests
  A sleepcap (D:6)
  A jelly (D:5)
  Jessica (D:3)
  2 iguanas
  Natasha (thrice) (D:4)
  Robin (D:4)
  4 gnolls (D:8)
  4 adders
  4 shadow imps
  4 white imps
  2 ufetubi
  A worm (D:2)
  A dart slug (D:1)
  28 orcs
  3 ball pythons
  4 endoplasms
  5 giant cockroaches
  11 goblins
  12 hobgoblins
  4 jackals (D:1)
  14 kobolds
  3 quokkas
  6 bats
  4 rats
160 creatures vanquished.

Notes
Turn   | Place    | Note
-------+----------+-------------------------------------------
     0 | D:1      | qw the Gargoyle Fighter began the quest for the Orb.
     0 | D:1      | Reached XP level 1. HP: 14/14 MP: 1/1
     0 | D:1      | 0 ||| qw: Version: 0.3-a-9-g12657ce
     0 | D:1      | 0 ||| qw: Game counter: 1133
     0 | D:1      | 0 ||| qw: Always use a shield: true
     0 | D:1      | 0 ||| qw: God list: Okawaru
     0 | D:1      | 0 ||| qw: Allow faded altars: false
     0 | D:1      | 0 ||| qw: Do Orc after D:15 true
     0 | D:1      | 0 ||| qw: Do second Lair branch before Depths: true
     0 | D:1      | 0 ||| qw: Lair rune preference: random
     0 | D:1      | 0 ||| qw: Plans: Normal, Zot:1-4, Slime:5, God:TSO, Crypt,
                  | Tomb, Abyss, Pan, Hells, Win
     0 | D:1      | 0 ||| PLANNING D:1-11
    21 | D:1      | Reached skill level 2 in Axes
    35 | D:1      | Reached XP level 2. HP: 19/19 MP: 2/2
    49 | D:1      | 49 ||| DROPPING +0 club.
   390 | D:1      | Reached skill level 3 in Axes
   623 | D:1      | Reached XP level 3. HP: 23/23 MP: 3/3
   730 | D:1      | 730 ||| READING 2 scrolls labelled LITOOT VEPSAWK.
   731 | D:1      | 731 ||| READING scroll labelled ORUYPHA COSEQI.
   832 | D:1      | 832 ||| READING scroll labelled LAOJUM GAMAZE.
   833 | D:1      | 833 ||| DRINKING 2 red potions.
   937 | D:2      | 937 ||| Stepping ~*~*~tactically~*~*~ (stealth).
   940 | D:2      | 940 ||| Stepping ~*~*~tactically~*~*~ (stealth).
   941 | D:2      | 941 ||| Stepping ~*~*~tactically~*~*~ (stealth).
   973 | D:2      | 973 ||| FLEEEEING.
   974 | D:2      | 974 ||| FLEEEEING.
   975 | D:2      | 975 ||| FLEEEEING.
  1173 | D:2      | Found a glowing silver altar of Zin.
  1193 | D:2      | Noticed Sigmund
  1194 | D:2      | 1194 ||| Stepping ~*~*~tactically~*~*~ (hiding).
  1212 | D:2      | HP: 4/23 [Sigmund/+0 scythe (5)]
  1213 | D:2      | Killed Sigmund
  1214 | D:2      | Reached skill level 5 in Axes
  1214 | D:2      | Reached XP level 4. HP: 5/28 MP: 4/4
  1214 | D:2      | Reached XP level 5. HP: 6/32 MP: 5/5
  1218 | D:2      | 1218 ||| FLEEEEING.
  1537 | D:2      | 1537 ||| UPGRADING to +0 cloak.
  1542 | D:2      | 1542 ||| UPGRADING to +2 cloak of preservation.
  1552 | D:2      | 1552 ||| DROPPING +0 cloak.
  1553 | D:2      | 1553 ||| DROPPING amulet of magic regeneration.
  1554 | D:2      | 1554 ||| READING scroll labelled HUBRIBRAET.
  1555 | D:2      | 1555 ||| READING scroll labelled CARIUDWOSI.
  1556 | D:2      | 1556 ||| READING 4 scrolls labelled CINIPN DOGY.
  1561 | D:2      | 1561 ||| READING scroll labelled XAONUPIPAO.
  1585 | D:2      | 1585 ||| READING scroll labelled XUALIA HURREME.
  1586 | D:2      | 1586 ||| READING scroll labelled IWONAO BIUSKAGH.
  1587 | D:2      | 1587 ||| DRINKING 2 metallic brown potions.
  1588 | D:2      | 1588 ||| READING 4 scrolls of identify.
  1588 | D:2      | 1588 ||| IDENTIFYING lumpy sapphire potion
  1589 | D:2      | 1589 ||| READING 3 scrolls of identify.
  1589 | D:2      | 1589 ||| IDENTIFYING emerald potion
  1590 | D:2      | 1590 ||| READING 2 scrolls of identify.
  1590 | D:2      | 1590 ||| IDENTIFYING orange potion
  1591 | D:2      | 1591 ||| DROPPING potion of ambrosia.
  1592 | D:2      | 1592 ||| DROPPING potion of brilliance.
  1648 | D:3      | Noticed Jessica
  1658 | D:3      | Killed Jessica
  1659 | D:3      | Reached XP level 6. HP: 38/38 MP: 6/6
  1893 | D:3      | 1893 ||| Stepping ~*~*~tactically~*~*~ (stealth).
  1895 | D:3      | 1895 ||| Stepping ~*~*~tactically~*~*~ (hiding).
  2089 | D:3      | Reached skill level 1 in Dodging
  2412 | D:3      | 2412 ||| Stepping ~*~*~tactically~*~*~ (stealth).
  2454 | D:3      | 2454 ||| DROPPING +0 mace.
  2769 | D:3      | 2769 ||| UPGRADING to +0 pair of gloves.
  2774 | D:3      | 2774 ||| READING scroll labelled CYGERH SALUODI.
  2775 | D:3      | 2775 ||| READING 2 scrolls of identify.
  2775 | D:3      | 2775 ||| IDENTIFYING dark potion
  2857 | D:4      | Noticed Menkaure
  2859 | D:4      | 2859 ||| Stepping ~*~*~tactically~*~*~ (hiding).
  2860 | D:4      | 2860 ||| Stepping ~*~*~tactically~*~*~ (hiding).
  2876 | D:4      | Killed Menkaure
  2877 | D:4      | Reached skill level 6 in Axes
  2877 | D:4      | Reached XP level 7. HP: 24/43 MP: 7/7
  2967 | D:4      | Noticed Grinder
  2968 | D:4      | 2968 ||| Stepping ~*~*~tactically~*~*~ (hiding).
  2989 | D:4      | Paralysed by Grinder for 3 turns
  2993 | D:4      | Killed Grinder
  2994 | D:4      | Reached skill level 7 in Axes
  3051 | D:4      | 3051 ||| READING scroll of enchant armour.
  3051 | D:4      | 3051 ||| ENCHANTING +0 pair of gloves.
  3103 | D:4      | Noticed Natasha
  3113 | D:4      | Killed Natasha
  3200 | D:4      | Noticed Natasha
  3201 | D:4      | 3201 ||| Stepping ~*~*~tactically~*~*~ (stealth).
  3202 | D:4      | 3202 ||| Stepping ~*~*~tactically~*~*~ (stealth).
  3210 | D:4      | Killed Natasha
  3302 | D:4      | Noticed Robin
  3309 | D:4      | Killed Robin
  3310 | D:4      | Reached XP level 8. HP: 49/49 MP: 8/8
  3457 | D:4      | 3457 ||| Stepping ~*~*~tactically~*~*~ (hiding).
  3537 | D:4      | 3537 ||| Stepping ~*~*~tactically~*~*~ (stealth).
  3538 | D:4      | 3538 ||| Stepping ~*~*~tactically~*~*~ (stealth).
  3541 | D:4      | 3541 ||| Stepping ~*~*~tactically~*~*~ (stealth).
  3571 | D:4      | 3571 ||| FLEEEEING.
  3572 | D:4      | 3572 ||| FLEEEEING.
  3573 | D:4      | 3573 ||| FLEEEEING.
  3574 | D:4      | 3574 ||| FLEEEEING.
  3575 | D:4      | 3575 ||| FLEEEEING.
  3576 | D:4      | 3576 ||| FLEEEEING.
  3577 | D:4      | 3577 ||| FLEEEEING.
  3578 | D:4      | 3578 ||| FLEEEEING.
  3579 | D:4      | 3579 ||| FLEEEEING.
  3580 | D:4      | 3580 ||| FLEEEEING.
  3581 | D:4      | 3581 ||| FLEEEEING.
  3582 | D:4      | 3582 ||| FLEEEEING.
  3583 | D:4      | 3583 ||| FLEEEEING.
  3584 | D:4      | 3584 ||| FLEEEEING.
  3586 | D:4      | 3586 ||| FLEEEEING.
  3587 | D:4      | 3587 ||| FLEEEEING.
  3588 | D:4      | 3588 ||| FLEEEEING.
  3589 | D:4      | 3589 ||| FLEEEEING.
  3590 | D:4      | 3590 ||| FLEEEEING.
  3591 | D:4      | 3591 ||| FLEEEEING.
  3592 | D:4      | 3592 ||| FLEEEEING.
  3593 | D:4      | 3593 ||| FLEEEEING.
  3594 | D:4      | 3594 ||| FLEEEEING.
  3595 | D:4      | 3595 ||| FLEEEEING.
  3596 | D:4      | 3596 ||| FLEEEEING.
  3597 | D:4      | 3597 ||| FLEEEEING.
  3598 | D:4      | 3598 ||| FLEEEEING.
  3599 | D:4      | 3599 ||| FLEEEEING.
  3600 | D:4      | 3600 ||| FLEEEEING.
  3601 | D:4      | 3601 ||| FLEEEEING.
  3602 | D:4      | 3602 ||| FLEEEEING.
  3603 | D:4      | 3603 ||| FLEEEEING.
  3604 | D:4      | 3604 ||| FLEEEEING.
  3670 | D:4      | Noticed Natasha
  3671 | D:4      | 3671 ||| Stepping ~*~*~tactically~*~*~ (stealth).
  3675 | D:4      | 3675 ||| Stepping ~*~*~tactically~*~*~ (hiding).
  3676 | D:4      | 3676 ||| Stepping ~*~*~tactically~*~*~ (hiding).
  3684 | D:4      | Killed Natasha
  3934 | D:4      | 3934 ||| UPGRADING to +0 helmet.
  3939 | D:4      | 3939 ||| DROPPING orb of guile.
  3940 | D:4      | 3940 ||| UPGRADING to +0 chain mail.
  3950 | D:4      | 3950 ||| DROPPING +0 scale mail.
  3951 | D:4      | 3951 ||| READING scroll labelled NESMUE ANUI.
  3952 | D:4      | 3952 ||| DRINKING 3 lumpy ruby potions.
  3952 | D:4      | Gained mutation: Your spells are a little easier to cast,
                  | but a little less powerful. [potion of mutation]
  3952 | D:4      | Gained mutation: You have a pair of small horns on your
                  | head. [potion of mutation]
  3952 | D:4      | Gained mutation: Your spells are easier to cast, but less
                  | powerful. [potion of mutation]
  3953 | D:4      | 3953 ||| DROPPING +0 helmet.
  3971 | D:5      | Entered Level 5 of the Dungeon
  3998 | D:5      | 3998 ||| Stepping ~*~*~tactically~*~*~ (stealth).
  4001 | D:5      | 4001 ||| Stepping ~*~*~tactically~*~*~ (stealth).
  4015 | D:5      | Reached skill level 8 in Axes
  4021 | D:5      | 4021 ||| DROPPING +0 flail.
  4049 | D:5      | 4049 ||| Stepping ~*~*~tactically~*~*~ (stealth).
  4104 | D:5      | 4104 ||| Stepping ~*~*~tactically~*~*~ (stealth).
  4110 | D:5      | 4110 ||| Stepping ~*~*~tactically~*~*~ (stealth).
  4128 | D:5      | 4128 ||| Stepping ~*~*~tactically~*~*~ (stealth).
  4133 | D:5      | 4133 ||| Stepping ~*~*~tactically~*~*~ (stealth).
  4412 | D:5      | Reached skill level 6 in Fighting
  4524 | D:5      | Identified the +6 whip "Zeucvoerph" {heavy, +Blink rPois
                  | Dex-2 SInv}
  4652 | D:5      | 4652 ||| READING scroll labelled OGUL HOAWIPN.
  4653 | D:5      | 4653 ||| READING 3 scrolls of identify.
  4653 | D:5      | 4653 ||| IDENTIFYING amethyst potion
  4654 | D:5      | 4654 ||| DROPPING potion of invisibility.
  4740 | D:6      | 4740 ||| READING scroll labelled CULUUD LANN.
  4741 | D:6      | 4741 ||| READING 2 scrolls of identify.
  4741 | D:6      | 4741 ||| IDENTIFYING glowing orange potion
  4745 | D:6      | 4745 ||| STAIRDANCE
  4749 | D:5      | Found an ornate altar of the Wu Jian Council.
  4811 | D:6      | Found a staircase to the Ecumenical Temple.
  4812 | D:6      | 4812 ||| PLANNING TEMPLE
  4814 | D:6      | 4814 ||| Stepping ~*~*~tactically~*~*~ (stealth).
  4817 | D:6      | 4817 ||| Stepping ~*~*~tactically~*~*~ (stealth).
  4890 | Temple   | Entered the Ecumenical Temple
  4943 | Temple   | 4943 ||| PLANNING OKAWARU WORSHIP
  4955 | Temple   | 4955 ||| UPGRADING to +0 kite shield.
  4965 | Temple   | 4965 ||| DROPPING +0 buckler.
  4971 | Temple   | Became a worshipper of Warmaster Okawaru
  4972 | Temple   | 4972 ||| PLANNING D:1-11
  5027 | D:6      | 5027 ||| Stepping ~*~*~tactically~*~*~ (stealth).
  5041 | D:6      | Reached XP level 9. HP: 32/55 MP: 9/9
  5098 | D:6      | 5098 ||| Stepping ~*~*~tactically~*~*~ (stealth).
  5120 | D:6      | Found a shadowy altar of Dithmenos.
  5122 | D:6      | 5122 ||| Stepping ~*~*~tactically~*~*~ (hiding).
  5467 | D:6      | Identified the +1 ring mail "Vull" {rN+ Dex+2}
  5695 | D:6      | 5695 ||| DROPPING +1 ring mail "Vull" {rN+ Dex+2}.
  5696 | D:6      | 5696 ||| READING scroll labelled JOADOMO RIPT.
  5728 | D:7      | 5728 ||| READING scroll of enchant armour.
  5728 | D:7      | 5728 ||| ENCHANTING +1 pair of gloves.
  5765 | D:7      | 5765 ||| Stepping ~*~*~tactically~*~*~ (hiding).
  5767 | D:7      | 5767 ||| Stepping ~*~*~tactically~*~*~ (hiding).
  5816 | D:7      | 5816 ||| READING scroll of enchant weapon.
  5816 | D:7      | 5816 ||| ENCHANTING +1 war axe.
  5845 | D:7      | Reached skill level 6 in Shields
  5985 | D:7      | 5985 ||| DROPPING +0 morningstar.
  6015 | D:7      | 6015 ||| Stepping ~*~*~tactically~*~*~ (stealth).
  6081 | D:7      | 6081 ||| SWAPPING to +0 broad axe.
  6082 | D:7      | 6082 ||| DROPPING +2 war axe.
  6086 | D:7      | Identified the +0 leather armour of Existentialism {Drain
                  | rN+ Will+ Int+3}
  6164 | D:7      | Found a runed translucent door.
  6165 | D:7      | Noticed Crazy Yiuf
  6364 | D:7      | 6364 ||| READING 3 scrolls of identify.
  6364 | D:7      | 6364 ||| IDENTIFYING bubbling clear potion
  6404 | D:8      | HP: 13/55 [centaur/arrow (3)]
  6405 | D:8      | 6405 ||| READING 7 scrolls of teleportation.
  6406 | D:8      | 6406 ||| DRINKING 4 potions of heal wounds.
  6436 | D:8      | 6436 ||| Stepping ~*~*~tactically~*~*~ (hiding).
  6437 | D:8      | 6437 ||| Stepping ~*~*~tactically~*~*~ (hiding).
  6530 | D:8      | 6530 ||| Stepping ~*~*~tactically~*~*~ (stealth).
  6532 | D:8      | 6532 ||| Stepping ~*~*~tactically~*~*~ (hiding).
  6677 | D:8      | Found a hazy altar of Hepliaklqana.
  6677 | D:8      | Found a hide-covered altar of Uskayaw.
  6735 | D:8      | Reached * piety under Okawaru
  6786 | D:8      | 6786 ||| INVOKING Heroism.
  6945 | D:8      | 6945 ||| Stepping ~*~*~tactically~*~*~ (stealth).
  6953 | D:8      | 6953 ||| DROPPING +0 eveningstar.
  6959 | D:8      | 6959 ||| Stepping ~*~*~tactically~*~*~ (hiding).
  7544 | D:9      | Reached skill level 1 in Throwing
  7577 | D:9      | Noticed a troll
  7578 | D:9      | 7578 ||| INVOKING Heroism.
  7579 | D:9      | 7579 ||| INVOKING Heroism.
  7586 | D:9      | Killed a troll
  7587 | D:9      | Reached skill level 9 in Axes
  7621 | D:9      | 7621 ||| INVOKING Heroism.
  7623 | D:9      | 7623 ||| Stepping ~*~*~tactically~*~*~ (cloud).
  7631 | D:9      | 7631 ||| INVOKING Heroism.
  7635 | D:9      | Reached skill level 3 in Throwing
  7635 | D:9      | 7635 ||| Stepping ~*~*~tactically~*~*~ (cloud).
  7934 | D:9      | HP: 11/55 [something (6)]
  7942 | D:9      | HP: 7/55 [something (3)]
  7946 | D:9      | HP: 2/55 [something (6)]
  7952 | D:9      | Slain by an unseen horror

Levels and vault maps discovered:
D:1:      dpeg_arrival_simpleton_b, layout_basic, st_stairs_12,
          minmay_small_reverse_x
D:2:      layout_basic, basic_altar, uniq_sigmund
D:3:      layout_basic, uniq_jessica
D:4:      layout_loops_ring, uniq_menkaure, uniq_natasha, uniq_robin,
          uniq_grinder
D:5:      layout_basic, nicolae_overflow_hidden_temple
D:6:      layout_loops_ring, old_standard_altar, minmay_temple_entry_ruins
D:7:      layout_basic, uniq_crazy_yiuf_cottage
D:8:      layout_basic, mainiacjoe_overflow_divided_tiny, sigmund_army
D:9:      layout_grid_maze
Temple:   dpeg_three_leaves_temple

Skill      XL: |  1  2  3  4  5  6  7  8  9 |
---------------+----------------------------+-----
Axes           | 2 3 5 6 7 8 9 |  9.2
Fighting       | 4 5 6 |  6.2
Dodging        | 1 |  1.0
Armour         | 4 |  4.3
Shields        | 4 8 |  8.1
Throwing       | 3 |  3.1

Action                     |  1- 3 |  4- 6 |  7- 9 || total
---------------------------+-------+-------+-------++-------
  Melee: War axe           |   109 |   116 |   260 ||   485
         Headbutt          |       |       |    42 ||    42
         Broad axe         |       |       |   111 ||   111
  Throw: Javelin           |       |       |     4 ||     4
 Invoke: Heroism           |       |       |     4 ||     4
    Use: Scroll            |     3 |    11 |    11 ||    25
         Potion            |     1 |     1 |     2 ||     4
 Armour: Scale mail        |    52 |    60 |    43 ||   155
         Chain mail        |       |       |   208 ||   208
  Dodge: Dodged            |    52 |    40 |   132 ||   224
  Block: Buckler           |    29 |    14 |    25 ||    68
         Kite shield       |       |       |   114 ||   114

Table legend:
 A = Non-vault XP
 B = Vault XP
 C = Vault XP percentage of total XP
 D = Non-vault monster count
 E = Vault monster count
 F = Vault count percentage of total count
                 A         B        C        D         E       F
            +---------+---------+-------+---------+---------+-------
      Total |    3842 |     803 |  17.3 |     136 |      24 |  15.0
            +---------+---------+-------+---------+---------+-------
        D:1 |      23 |      13 |  36.1 |      13 |       6 |  31.6
        D:2 |      46 |     226 |  83.1 |      12 |       1 |   7.7
        D:3 |     230 |      37 |  13.9 |      29 |       1 |   3.3
        D:4 |     299 |     515 |  63.3 |      18 |      10 |  35.7
        D:5 |     561 |       0 |   0.0 |      14 |       0 |   0.0
        D:6 |     700 |       0 |   0.0 |      17 |       0 |   0.0
        D:7 |     396 |       0 |   0.0 |      10 |       0 |   0.0
        D:8 |     780 |      12 |   1.5 |      15 |       6 |  28.6
        D:9 |     807 |       0 |   0.0 |       8 |       0 |   0.0
            +---------+---------+-------+---------+---------+-------
